 Dungeon Crawl Stone Soup version 0.30-a0-51-g784eafce7f (webtiles) character file.

Game seed: 15916199414765002292

121 BritishOli the Trooper (level 4, 0/37 HPs)
             Began as a Demonspawn Fighter on Sept 6, 2022.
             Killed by nerve-wracking pain
             ... invoked by Jessica
              (5 damage)
             ... on level 3 of the Dungeon.
             The game lasted 00:02:34 (2279 turns).

BritishOli the Trooper (Demonspawn Fighter)         Turns: 2279, Time: 00:02:36

Health: 0/37       AC:  6    Str: 18    XL:     4   Next: 76%
Magic:  4/4        EV:  9    Int:  9    God:
Gold:   94         SH:  0    Dex: 13    Spells: 3/3 levels left

rFire   . . .      SeeInvis .    a - +0 long sword
rCold   . . .      Faith    .    c - +0 buckler
rNeg    . . .      Spirit   .    b - +0 scale mail
rPois   .          Reflect  .    (no helmet)
rElec   .          Harm     .    (no cloak)
rCorr   .          Rampage  .    (no gloves)
Will    .....                    (no boots)
Stlth   ..........               (no amulet)
HPRegen 0.12/turn                (no ring)
MPRegen 0.09/turn                (no ring)

@: confused, slowed, very slow
A: claws 1
a: no special abilities


You were on level 3 of the Dungeon.
You visited 1 branch of the dungeon, and saw 3 of its levels.

You collected 94 gold pieces.

Inventory:

Hand Weapons
 a - a +0 long sword (weapon)
Armour
 b - a +0 scale mail (worn)
 c - a +0 buckler (worn)
Wands
 n - a wand of iceblast (6)
Scrolls
 e - a scroll of fog {unknown}
 f - 2 scrolls of identify {unknown}
 g - a scroll of amnesia {unknown}
 i - a scroll of enchant armour {unknown}
 j - a scroll of poison {unknown}
 l - 2 scrolls of teleportation {unknown}
 m - a scroll of enchant weapon {unknown}
 o - a scroll of fear {unknown}
 p - a scroll of summoning {unknown}
 q - a scroll of vulnerability {unknown}
 r - a scroll of silence {unknown}
Potions
 d - a potion of might
 h - a potion of degeneration {unknown}
 k - a potion of attraction {unknown}
 s - 2 potions of curing {unknown}


   Skills:
 + Level 4.1 Fighting
 + Level 3.2 Long Blades
 - Level 3.0 Armour
 - Level 3.0 Shields


You had 3 spell levels left.
You didn't know any spells.
Your spell library contained the following spells:

 Spells                   Type           Power      Damage    Failure   Level
 Sublimation of Blood     Necr           0%         N/A       94%         2
 Wereblood                Tmut           0%         N/A       94%         2
 Summon Hydra             Summ           0%         N/A       100%        7


Dungeon Overview and Level Annotations

Branches:
Dungeon (3/15)

Altars:
Fedhas
Hepliaklqana
Qazlal

Shops:
D:2 :

Annotations:
D:3 Jessica


Innate Abilities, Weirdness & Mutations

You have sharp fingernails.


Message History

Jessica gestures wildly while chanting.
Jessica blinks!
Natasha casts a spell at you. The magic dart hits you.
* * * LOW HITPOINT WARNING * * *
You hit Natasha.
Natasha is moderately wounded.
Natasha barely misses you.
Natasha stares at you and mumbles some strange words.
You resist with some effort.
You hit Natasha.
Natasha is severely wounded.
You block Natasha's attack. Natasha claws you.
* * * LOW HITPOINT WARNING * * *
You barely miss Natasha.
Natasha is severely wounded.
Natasha stares at you and mumbles some strange words.
You feel as though you will be slow longer.
Natasha closely misses you.
You closely miss Natasha.
Natasha is severely wounded.
Jessica mumbles some strange words.
Jessica blinks!
Natasha barely misses you. Natasha claws you.
* * * LOW HITPOINT WARNING * * *
You slash Natasha!
You kill Natasha!
Suddenly Natasha's spirit rises from her lifeless body.
Jessica zaps a wand.
Your will is overpowered!
You are confused.
Jessica zaps a wand.
You resist with some effort.
You bump into the stone wall.
Jessica gestures wildly while chanting.
Jessica seems to speed up.
You closely miss Jessica.
Jessica is moderately wounded.
Jessica hits you but does no damage.
Jessica zaps a wand.
Your will is overpowered!
You are more confused.
Jessica points at you and mumbles some strange words.
Pain shoots through your body!
You die...

..#####.# #. .# .##
#.# #...# .#
##.########...#####
.#
#.....#...........#
.#
##.####.8..§#..._.
.# #.# .§§§§§. .
#.# #§§.# #.##
#§§§# #..# #@§.#
##.# #@§§# #.##
#§§§# #..### #§§§#
##...# ##§§.##
###.###§§§§§#
#.....§§§.#
###########


You could see Jessica (fast).

Vanquished Creatures
  Natasha (D:3)
  4 adders
  A worm (D:2)
  A dart slug (D:3)
  2 ball pythons (D:2)
  3 bats (D:2)
  5 endoplasms (D:2)
  5 giant cockroaches
  3 goblins
  2 hobgoblins
  11 jackals
  2 quokkas (D:1)
  4 frilled lizards
  4 kobolds
  A rat (D:2)
49 creatures vanquished.

Vanquished Creatures (others)
  6 plants (D:3)
6 creatures vanquished.

Grand Total: 55 creatures vanquished

Notes
Turn   | Place    | Note
-------+----------+-------------------------------------------
     0 | D:1      | BritishOli the Demonspawn Fighter began the quest for the
                  | Orb.
     0 | D:1      | Reached XP level 1. HP: 18/18 MP: 1/1
     8 | D:1      | Found a faded altar of an unknown god.
   140 | D:1      | Gained mutation: You have sharp fingernails. [demonic
                  | ancestry]
   140 | D:1      | Reached XP level 2. HP: 9/24 MP: 2/2
   919 | D:2      | Reached XP level 3. HP: 29/29 MP: 3/3
  1534 | D:2      | Reached XP level 4. HP: 31/37 MP: 4/4
  1622 | D:2      | Found Ipitacs's Book Emporium.
  2036 | D:3      | Found a stormy altar of Qazlal.
  2052 | D:3      | Found a blossoming altar of Fedhas.
  2088 | D:3      | Reached skill level 4 in Fighting
  2263 | D:3      | Noticed Jessica
  2265 | D:3      | Noticed Natasha
  2269 | D:3      | Found a hazy altar of Hepliaklqana.
  2276 | D:3      | Killed Natasha
  2279 | D:3      | Killed from afar by Jessica

Illustrated notes

Levels and vault maps discovered:
D:1:      giann_horns, layout_rooms,
          hellmonk_ecumenical_altar_pennies_from_heaven
D:2:      layout_basic, serial_shops, nicolae_shop_crystal, grunt_ministairs_6,
          chequers_serial_rivers_marsh, minmay_heptomino_h4
D:3:      layout_loops_ring, beargit_hepliaklqana_dungeon_heroes,
          nicolae_elyvilon_temple_path, grunt_temple_overflow_forces_of_nature,
          uniq_natasha

Skill      XL: |  1  2  3  4 |
---------------+-------------+-----
Long Blades    | 2 3 |  3.2
Armour         | 3 |  3.0
Shields        | 3 |  3.0
Fighting       | 4 |  4.1

Action                   |  1- 3 |  4- 6 || total
-------------------------+-------+-------++-------
Melee: Long sword        |   135 |    54 ||   189
Armor: Scale mail        |    96 |    25 ||   121
Dodge: Dodged            |    90 |    28 ||   118
Block: Buckler           |    35 |    14 ||    49

Table legend: (Time is in decaauts)
 A = Elapsed time spent in this place.
 B = Non-inter-level travel time spent in this place.
 C = Inter-level travel time spent in this place.
 D = Time resting spent in this place.
 E = Time spent auto-exploring this place.
 F = Levels seen in this place.
 G = Mean time per level.
                   A        B        C        D        E       F      G
               +--------+--------+--------+--------+--------+-----+--------+
         Total |   2347 |   2308 |     39 |    227 |   1682 |   3 |  782.3 |
       Dungeon |   2347 |   2308 |     39 |    227 |   1682 |   3 |  782.3 |
               +--------+--------+--------+--------+--------+-----+--------+

Top non-repeatable levels by time:
     D:2: 1249 daAuts
     D:1: 812 daAuts
     D:3: 285 daAuts
